 Dungeon Sprint DCSS version 0.31-a0-1-g4198be8af4 (webtiles) character file.

Game seed: 520423805479021161

224 rocky1 the Magician (level 5, -4/27 (29) HPs)
             Began as a Deep Elf Earth Elementalist on May 1, 2023.
             Was a Priest of Sif Muna.
             Slain by a wight
             ... wielding a +2 scimitar
              (6 damage)
             ... in the Dungeon (Sprint VII: "The Pits").
             The game lasted 00:02:02 (417 turns).

rocky1 the Magician (Deep Elf Earth Elementalist)    Turns: 417, Time: 00:02:02

HP:   -4/27 (29)    AC:  2    Str:  5    XL:     5   Next: 67%
MP:   4/16          EV: 12    Int: 22    God:    Sif Muna [***...]
Gold: 0             SH:  0    Dex: 15    Spells: 17/18 levels left

rFire   . . .        (no weapon)
rCold   . . .        (no shield)
rNeg    . . .        a - +0 robe
rPois   .            (no helmet)
rElec   .            (no cloak)
rCorr   .            (no gloves)
SInv    .            (no boots)
Will    .....        (no amulet)
Stlth   ++           (no ring)
HPRegen 0.24/turn    (no ring)
MPRegen 0.15/turn

%: no teleportation
@: drained
A: no striking features
a: Renounce Religion, Channel Magic, Forget Spell


You were in the Dungeon.
You worshipped Sif Muna.
Sif Muna was most pleased with you.
You visited 1 branch

Inventory:

Armour
 a - a +0 robe (worn)
Scrolls
 g - a scroll of blinking
 i - 5 scrolls of amnesia
 j - a scroll of butterflies
Potions
 b - 5 potions of magic
 c - a potion of curing
 e - a potion of haste
 f - 3 potions of berserk rage
 h - a potion of invisibility


   Skills:
 - Level 1.3 Fighting
 - Level 2.4 Dodging
 - Level 2.4 Stealth
 + Level 7.4 Spellcasting
 + Level 5.0 Conjurations
 + Level 5.2 Transmutations
 + Level 7.2 Earth Magic
 + Level 5.5 Invocations


You had 17 spell levels left.
You knew the following spells:

 Your Spells              Type           Power      Damage    Failure   Level
a - Sandblast             Erth           80%        2d17      1%          1

Your spell library contained the following spells:

 Spells                   Type           Power      Damage    Failure   Level
 Passwall                 Tmut/Erth      29%        N/A       1%          2
 Stone Arrow              Conj/Erth      70%        3d11      1%          3
 Petrify                  Tmut/Erth      35%        N/A       6%          4


Dungeon Overview and Level Annotations

Branches:
Dungeon (1/1)

Altars:
Ashenzari
Cheibriados
Dithmenos
Elyvilon
Fedhas
Gozag
Hepliaklqana
Kikubaaqudgha
Makhleb
Nemelex Xobeh
Okawaru
Qazlal
Ru
Sif Muna
Trog
Uskayaw
Vehumet
Wu Jian
Xom
Yredelemnul
Zin
The Shining One
Jiyva
Lugonu


Message History

Press: ? - help, Q - select action, (/) - cycle Shift-Dir - straight line, f/p - wight
Aim: a wight, wielding a +0 flail and wearing a +0 robe (84% to hit)
The blast of sand hits the wight!
The wight is almost destroyed.
The wight barely misses you. The wight closely misses you.
Aiming: Sandblast (safe; 1% risk of failure)
Press: ? - help, Q - select action, (/) - cycle Shift-Dir - straight line, f/p - wight
Aim: a wight, wielding a +0 flail and wearing a +0 robe (almost destroyed, 84% to hit)
The blast of sand hits the wight!
You destroy the wight!
Sif Muna accepts your kill.
Your Conjurations skill increases to level 4!
Your Invocations skill increases to level 5!
You have reached level 5!
Aiming: Sandblast (safe; 1% risk of failure)
Press: ? - help, Q - select action, (/) - cycle Shift-Dir - straight line, f - wight
Aim: a wight, wielding a +5 dire flail of freezing and wearing a +0 robe (almost destroyed, 84% to hit)
The blast of sand hits the wight.
You destroy the wight!
Sif Muna accepts your kill. The jackal barely misses you.
Your Spellcasting skill increases to level 7!
Your Conjurations skill increases to level 5!
Your Transmutations skill increases to level 5!
Your Earth Magic skill increases to level 7!
Aiming: Sandblast (safe; 1% risk of failure)
Press: ? - help, Q - select action, (/) - cycle Shift-Dir - straight line, f - jackal
Aim: a jackal (81% to hit)
The blast of sand hits the jackal!
You kill the jackal!
Sif Muna accepts your kill.
Aiming: Sandblast (safe; 1% risk of failure)
Press: ? - help, Q - select action, (/) - cycle Shift-Dir - straight line, f - wight
Aim: a wight, wielding a +2 scimitar and wearing a +0 robe (85% to hit)
The blast of sand hits the wight!
The wight is heavily damaged.
The wight hits you with a +2 scimitar. The wight hits you with a +2 scimitar!
* * * LOW HITPOINT WARNING * * *
You feel drained.
You die...

########### _________.#
_________.#
_______...###########++
##########'##...........
#.?(.')))'.##......#..#.
##########.##...........
#.......z@..'...........
#+#####'#####......#..#.
#...÷.# #...........
#.....# ####'#####++
###)### #.......#
#.÷z..# #.......#
#...z.# #.......#
####'## #...<...# ...
#.......#


You could see a wight.

Vanquished Creatures
  4 wights (D)
  A river rat (D)
  A bat zombie (D)
  An endoplasm (D)
  A giant cockroach (D)
  A goblin (D)
  5 jackals (D)
  A quokka (D)
15 creatures vanquished.

Notes
Turn   | Place    | Note
-------+----------+-------------------------------------------
     0 | D        | rocky1 the Deep Elf Earth Elementalist began the quest for
                  | the Orb.
     0 | D        | Reached XP level 1. HP: 10/10 MP: 6/6
    18 | D        | Found a bloodstained altar of Trog.
    18 | D        | Found a shimmering blue altar of Sif Muna.
    18 | D        | Found a viscous altar of Jiyva.
    18 | D        | Found a hazy altar of Hepliaklqana.
    18 | D        | Found an opulent altar of Gozag.
    19 | D        | Found a glowing golden altar of the Shining One.
    19 | D        | Found a glowing silver altar of Zin.
    19 | D        | Found a basalt altar of Yredelemnul.
    19 | D        | Found a shimmering altar of Xom.
    19 | D        | Found an ornate altar of the Wu Jian Council.
    19 | D        | Found a sacrificial altar of Ru.
    19 | D        | Found a stormy altar of Qazlal.
    19 | D        | Found an iron altar of Okawaru.
    19 | D        | Found a sparkling altar of Nemelex Xobeh.
    19 | D        | Found a burning altar of Makhleb.
    19 | D        | Found a blossoming altar of Fedhas.
    19 | D        | Found a white marble altar of Elyvilon.
    19 | D        | Found a shadowy altar of Dithmenos.
    19 | D        | Found a snail-covered altar of Cheibriados.
    23 | D        | Found a corrupted altar of Lugonu.
    23 | D        | Found a radiant altar of Vehumet.
    24 | D        | Found a broken altar of Ashenzari.
    24 | D        | Found an ancient bone altar of Kikubaaqudgha.
    24 | D        | Found a hide-covered altar of Uskayaw.
    26 | D        | Became a worshipper of Sif Muna the Loreminder
    69 | D        | Reached * piety under Sif Muna
    70 | D        | Reached skill level 1 in Fighting
   150 | D        | Reached skill level 5 in Earth Magic
   150 | D        | Reached XP level 2. HP: 16/16 MP: 3/8
   388 | D        | Noticed a wight
   388 | D        | Noticed a wight
   388 | D        | Noticed a wight
   390 | D        | Noticed a wight
   397 | D        | Noticed a wight
   399 | D        | Killed a wight
   399 | D        | Reached ** piety under Sif Muna
   400 | D        | Reached skill level 5 in Spellcasting
   400 | D        | Reached XP level 3. HP: 20/20 MP: 4/11
   400 | D        | Reached XP level 4. HP: 25/25 MP: 4/13
   410 | D        | Reached *** piety under Sif Muna
   415 | D        | Reached skill level 5 in Invocations
   415 | D        | Reached XP level 5. HP: 16/29 MP: 6/16
   416 | D        | Reached skill level 5 in Conjurations
   416 | D        | Reached skill level 5 in Transmutations
   417 | D        | Slain by a wight

Illustrated notes

Levels and vault maps discovered:
D:        pitsprint [storerooms_1, entrance_room_1, metal_vault_1, armoury_3,
          mini_pit_1, grid_room_1, main_hall_1, silver_pit, the_coven_3,
          the_vestibule_1, steel_vault_4, golden_pit, hallway_of_sentries,
          crystal_vault_2, iron_vault_2, final_vault]

Skill      XL: |  1  2  3  4  5 |
---------------+----------------+-----
Earth Magic    | 5 6 7 |  7.2
Fighting       | 1 |  1.3
Invocations    | 2 3 5 |  5.5
Spellcasting   | 5 6 7 |  7.4
Conjurations   | 2 4 5 |  5.0
Transmutations | 3 4 5 |  5.2
Dodging        | |  2.4
Stealth        | |  2.4

Action                     |  1- 3 |  4- 6 || total
---------------------------+-------+-------++-------
  Melee: Unarmed           |     1 |       ||     1
   Cast: Sandblast         |    16 |    12 ||    28
 Invoke: Channel Magic     |       |     1 ||     1
    Use: Potion            |     1 |     1 ||     2
 Armour: Robe              |     2 |       ||     2
  Dodge: Dodged            |     6 |     9 ||    15

Table legend: (Time is in decaauts)
 A = Elapsed time spent in this place.
 B = Non-inter-level travel time spent in this place.
 C = Inter-level travel time spent in this place.
 D = Time resting spent in this place.
 E = Time spent auto-exploring this place.
 F = Levels seen in this place.
 G = Mean time per level.
                   A        B        C        D        E       F      G
               +--------+--------+--------+--------+--------+-----+--------+
         Total |    430 |    430 |      0 |    302 |      0 |   1 |  430.0 |
       Dungeon |    430 |    430 |      0 |    302 |      0 |   1 |  430.0 |
               +--------+--------+--------+--------+--------+-----+--------+

Top non-repeatable levels by time:
       D: 430 daAuts
